 Dungeon Crawl Stone Soup version 0.22.1-2-g9c5b331 (webtiles) character file.

33394 lysyklops the Fighter (level 13, -1/183 HPs)
             Began as a Minotaur Fighter on Dec 11, 2018.
             Was a Priest of the Shining One.
             Slain by a yak (9 damage)
             ... on level 5 of the Lair of Beasts.
             The game lasted 00:43:26 (17256 turns).

lysyklops the Fighter (Minotaur Fighter)           Turns: 17256, Time: 00:43:27

Health: -1/183     AC:  7    Str: 32    XL:     13   Next: 36%
Magic:  18/18      EV:  8    Int:  5    God:    the Shining One [***...]
Gold:   1656       SH: 29    Dex: 11    Spells: 12/12 levels left

rFire    . . .     SeeInvis .   a - +1 war axe
rCold    . . .     Gourm    .   c - +1 shield
rNeg     + . .     Faith    .   E - +0 plate armour
rPois    +         Spirit   .   (helmet restricted)
rElec    .         Reflect  +   O - +1 cloak
rCorr    .         Harm     .   y - +0 pair of gloves
MR       .....                  V - +2 pair of boots
Stlth    ..........             M - +5 amulet of reflection
HPRegen  0.40/turn              b - +2 ring of strength
MPRegen  0.16/turn              P - ring of poison resistance

@: berserking, divine shield, corroded, glowing, very quick
A: retaliatory headbutt, horns 2
a: Divine Shield, Renounce Religion


You were on level 5 of the Lair of Beasts.
You worshipped the Shining One.
The Shining One was most pleased with you.
You were not hungry.

You visited 3 branches of the dungeon, and saw 20 of its levels.
You also visited: Bailey.

You collected 1656 gold pieces.

Inventory:

Hand Weapons
 a - a +1 war axe (weapon)
Armour
 c - a +1 shield (worn)
 y - a +0 pair of gloves (worn)
 E - a +0 plate armour (worn)
 O - a +1 cloak (worn)
 V - a +2 pair of boots (worn)
Jewellery
 b - a +2 ring of strength (left hand)
 r - an uncursed amulet of rage
 s - an uncursed ring of protection from magic
 w - an uncursed ring of ice
 K - an uncursed ring of flight
 M - a +5 amulet of reflection (around neck)
 P - a ring of poison resistance (right hand)
 T - an uncursed amulet of the acrobat
Wands
 i - a wand of scattershot (9)
 t - a wand of polymorph (32)
 z - a wand of flame (13)
 C - a wand of paralysis (14)
 G - a wand of acid (6)
Scrolls
 h - 2 scrolls of blinking {unknown}
 k - 5 scrolls of teleportation
 l - 3 scrolls of enchant weapon
 o - 2 scrolls of fear
 p - 2 scrolls of noise {unknown}
 u - 5 scrolls of enchant armour
 A - a scroll of remove curse
 F - a scroll of brand weapon {unknown}
 I - 2 scrolls of amnesia {unknown}
 J - a scroll of summoning {unknown}
 L - 7 scrolls of identify
 Q - 3 scrolls of fog
 S - 3 scrolls of immolation {unknown}
 U - a scroll of torment {unknown}
Potions
 d - 3 potions of might
 e - a potion of cancellation
 g - 4 potions of flight
 j - 3 potions of ambrosia
 m - 11 potions of curing
 n - a potion of resistance
 q - a potion of mutation
 v - a potion of heal wounds
 B - a potion of berserk rage
 D - 2 potions of brilliance
 N - a potion of lignification
Comestibles
 f - 22 rations


   Skills:
 + Level 13.1 Fighting
 + Level 12.8 Axes
 + Level 13.1 Armour
 + Level 13.1 Shields
 - Level 8.3 Invocations


You had 12 spell levels left.
You didn't know any spells.
Your spell library contained the following spells:

 Spells                   Type           Power        Failure   Level  Hunger
 Animate Skeleton         Necr           N/A          98%         1    ##.....
 Beastly Appendage        Tmut           #.....       98%         1    ##.....
 Infusion                 Chrm           #...         98%         1    ##.....
 Magic Dart               Conj           #...         98%         1    ##.....
 Summon Small Mammal      Summ           #...         98%         1    ##.....
 Call Imp                 Summ           #.......     99%         2    ###....
 Searing Ray              Conj           #.....       99%         2    ###....
 Shroud of Golubria       Chrm/Tloc      #.........   99%         2    ###....
 Song of Slaying          Chrm           #.......     99%         2    ###....
 Sticks to Snakes         Tmut           #.......     99%         2    ###....
 Sublimation of Blood     Necr           #.........   99%         2    ###....
 Call Canine Familiar     Summ           #.......     100%        3    ####...
 Dazzling Spray           Conj/Hex       #.....       100%        3    ####...
 Ignite Poison            Fire/Tmut/Pois #.......     100%        3    ####...
 Regeneration             Chrm/Necr      #.........   100%        3    ####...
 Spectral Weapon          Hex/Chrm       #.......     100%        3    ####...
 Spider Form              Tmut/Pois      #.........   100%        3    ####...
 Summon Guardian Golem    Hex/Summ       #.......     100%        3    ####...
 Force Lance              Conj/Tloc      #.......     100%        4    #####..
 Fulminant Prism          Conj/Hex       #.........   100%        4    #####..
 Ice Form                 Ice/Tmut       #.......     100%        4    #####..
 Iskenderun's Mystic Bla  Conj           #.......     100%        4    #####..
 Petrify                  Tmut/Erth      #.......     100%        4    #####..
 Summon Ice Beast         Ice/Summ       #.......     100%        4    #####..
 Summon Lightning Spire   Summ/Air       #.......     100%        4    #####..
 Alistair's Intoxication  Tmut/Pois      #.......     100%        5    ######.
 Blade Hands              Tmut           #.........   100%        5    ######.
 Dispel Undead            Necr           #.......     100%        5    ######.
 Excruciating Wounds      Chrm/Necr      #.........   100%        5    ######.
 Irradiate                Conj/Tmut      #.........   100%        5    ######.


Dungeon Overview and Level Annotations

Branches:
Dungeon (14/15)            Temple (1/1) D:4            Lair (5/6) D:9
 Shoals (0/4) Lair:2       Spider (0/4) Lair:2          Orc (0/2) D:10
  Slime: Lair:5-6    Vaults: D:13-14

Altars:
Cheibriados
Dithmenos
Fedhas
Gozag
Hepliaklqana
Kikubaaqudgha
Makhleb
Nemelex Xobeh
Qazlal
Ru
Sif Muna
Trog
Uskayaw
Vehumet
Wu Jian
Xom
Yredelemnul
The Shining One

Shops:
D:5 (   D:7 (   D:9 }

Annotations:
D:3 2 transporters
Lair:2 Sonja
Lair:4 exclusion: 3 oklob plants


Innate Abilities, Weirdness & Mutations

You reflexively headbutt those who attack you in melee.
You have a pair of horns on your head.


Message History

You slash the yak! Your headbutt misses the yak.
The yak is severely wounded.
You hit the yak. You barely miss the yak. You block the yak's attack. x3
You slash the yak!
You kill the yak!
You hit the yak. x2
You hit the komodo dragon.
The komodo dragon is lightly wounded.
You hit the yak. x2; You block the yak's attack.
The yak gores you but does no damage.
You hit the komodo dragon but do no damage.
The komodo dragon is lightly wounded.
You slash the yak! You hit the yak. The komodo dragon bites you!
The Shining One protects you from harm! You block the yak's attack.
You hit the komodo dragon but do no damage.
Your headbutt misses the komodo dragon.
The komodo dragon is lightly wounded.
You hit the yak. x2; The yak gores you!
You die...

# ## P# .
####.#..# ...##
#.@.....##
......+YlY...>..
#...<.......
##.†........
#........#.
##.....#..#
#...).#..P
##.##..... ##.
P..#


You could see a komodo dragon and 2 yaks.

Vanquished Creatures
  3 hydras
  5 two-headed ogres
  An orc knight (Bailey)
  A lindwurm (Lair:4)
  A manticore (D:12)
  4 black mambas
  6 elephants
  A merfolk siren (Lair:2)
  Joseph (D:8)
  2 spiny frogs
  A yaktaur (D:13)
  A centaur skeleton (D:12)
  4 komodo dragons
  A freezing wraith (D:14)
  3 rime drakes
  A merfolk (Lair:2)
  A jumping spider (Lair:2)
  A polar bear (Lair:2)
  A hornet (D:8)
  A troll (D:12)
  7 blink frogs (Lair:4)
  7 dream sheep (Lair:3)
  5 hippogriffs
  A spriggan (Lair:4)
  21 yaks
  A basilisk (D:14)
  A wyvern (D:9)
  3 hungry ghosts
  A steam dragon (D:11)
  4 vampire mosquitoes (D:12)
  An acid dragon (D:11)
  10 porcupines
  2 water moccasins
  11 orc warriors
  A sky beast (D:6)
  2 eyes of draining
  7 ice beasts
  A black bear (D:9)
  6 wolves
  4 ogres
  6 centaurs
  6 crocodiles
  A big kobold (D:12)
  20 bullfrogs
  A gnoll sergeant (D:7)
  A scorpion (D:4)
  A water moccasin skeleton (D:5)
  22 killer bees
  11 wights
  A howler monkey (D:8)
  2 electric eels (Lair:2)
  6 crimson imps
  2 bullfrog zombies
  A quasit (D:9)
  6 jellies
  5 hounds
  8 orc priests
  15 orc wizards
  A bullfrog skeleton (D:7)
  2 iguanas
  Natasha (thrice) (D:2)
  10 worker ants
  2 hound skeletons (D:6)
  A hound zombie (D:6)
  Robin (D:3)
  A howler monkey zombie (D:5)
  9 adders
  9 gnolls
  4 shadow imps
  6 oozes
  An adder skeleton (D:9)
  3 worms
  A dart slug (D:4)
  4 leopard geckos
  57 orcs
  5 giant cockroaches
  7 goblins
  10 hobgoblins
  4 jackals
  16 kobolds
  5 quokkas
  2 ball pythons
  8 bats
  5 frilled lizards
  A leopard gecko zombie (D:7)
  6 rats
  A spectral orc (D:4)
  2 plants
438 creatures vanquished.

Vanquished Creatures (others)
  Nessos (Lair:4)
  16 fungi (D:9)
  5 plants
22 creatures vanquished.

Grand Total: 460 creatures vanquished

Notes
Turn   | Place    | Note
-------+----------+-------------------------------------------
     0 | D:1      | lysyklops the Minotaur Fighter began the quest for the Orb.
     0 | D:1      | Reached XP level 1. HP: 19/19 MP: 0/0
    86 | D:1      | Reached XP level 2. HP: 22/27 MP: 1/1
   351 | D:2      | Reached XP level 3. HP: 33/33 MP: 2/2
   361 | D:2      | Noticed Natasha
   367 | D:2      | Killed Natasha
   416 | D:2      | Noticed Natasha
   424 | D:2      | Killed Natasha
   424 | D:2      | Reached XP level 4. HP: 19/41 MP: 3/3
   724 | D:2      | Noticed Natasha
   734 | D:2      | Killed Natasha
   894 | D:2      | Found a blossoming altar of Fedhas.
  1021 | D:3      | Found a transporter.
  1077 | D:3      | Found a hazy altar of Hepliaklqana.
  1125 | D:3      | Reached XP level 5. HP: 37/47 MP: 4/4
  1150 | D:3      | Noticed Robin
  1153 | D:3      | Killed Robin
  1407 | D:3      | Noticed a sky beast
  1414 | D:3      | Found a deep blue altar of Sif Muna.
  1414 | D:3      | Found a transporter.
  1417 | D:3      | Noticed a sky beast
  1848 | D:4      | Noticed an ogre
  1853 | D:4      | Reached skill level 5 in Fighting
  1853 | D:4      | Reached skill level 5 in Armour
  1859 | D:4      | Killed an ogre
  1859 | D:4      | Reached skill level 5 in Shields
  1859 | D:4      | Reached XP level 6. HP: 8/56 MP: 5/5
  2273 | D:4      | Found a basalt altar of Yredelemnul.
  2304 | D:4      | Found a staircase to the Ecumenical Temple.
  2343 | Temple   | Entered the Ecumenical Temple
  2420 | Temple   | Became a worshipper of the Shining One
  2741 | D:5      | Entered Level 5 of the Dungeon
  3165 | D:5      | Reached XP level 7. HP: 52/62 MP: 6/6
  3187 | D:5      | Reached skill level 5 in Axes
  3373 | D:5      | Found Oghidubb's Antique Weapon Shop.
  3604 | D:5      | Found a hide-covered altar of Uskayaw.
  3606 | D:5      | Found an ancient bone altar of Kikubaaqudgha.
  3608 | D:5      | Reached * piety under the Shining One
  3973 | D:6      | Reached XP level 8. HP: 60/71 MP: 7/7
  4908 | D:6      | Found an opulent altar of Gozag.
  4994 | D:6      | Reached XP level 9. HP: 78/81 MP: 8/8
  5149 | D:7      | Found Futono's Antique Weapon Emporium.
  5155 | D:7      | Reached ** piety under the Shining One
  6329 | D:7      | Reached skill level 1 in Invocations
  7348 | D:8      | Noticed Joseph
  7361 | D:8      | Killed Joseph
  7531 | D:8      | Reached XP level 10. HP: 91/91 MP: 11/11
  7719 | D:9      | Found a staircase to the Lair.
  7759 | D:9      | Paralysed by a hornet for 1 turns
  8216 | D:9      | Found Oxufaf's Gadget Shoppe.
  8278 | D:9      | Found a flagged portal.
  8290 | Bailey   | Entered a bailey
  8542 | Bailey   | Noticed an orc knight
  8564 | Bailey   | Killed an orc knight
  8564 | Bailey   | Reached skill level 10 in Fighting
  8564 | Bailey   | Reached skill level 10 in Armour
  8713 | Bailey   | Found a burning altar of Makhleb.
  8798 | D:9      | Reached skill level 10 in Shields
  9336 | D:10     | Entered Level 10 of the Dungeon
  9413 | D:10     | Identified the Catalogue of Evil Arts
  9556 | D:10     | Noticed a two-headed ogre
  9557 | D:10     | Noticed a two-headed ogre
  9572 | D:10     | Killed a two-headed ogre
  9586 | D:11     | Killed a two-headed ogre
  9586 | D:11     | Reached skill level 10 in Axes
  9586 | D:11     | Reached skill level 5 in Invocations
  9586 | D:11     | Reached XP level 11. HP: 25/101 MP: 13/13
  9595 | D:11     | Reached *** piety under the Shining One
 10132 | D:10     | Found a staircase to the Orcish Mines.
 10138 | D:10     | You fall through a shaft for 3 floors!
 10199 | D:13     | Noticed a yaktaur captain
 10470 | D:14     | Noticed a two-headed ogre
 10477 | D:14     | Killed a two-headed ogre
 11231 | D:11     | Noticed a two-headed ogre
 11240 | D:11     | Killed a two-headed ogre
 11264 | D:11     | Reached **** piety under the Shining One
 11570 | D:11     | Found a shimmering altar of Xom.
 11742 | D:10     | Noticed a two-headed ogre
 11753 | D:10     | Killed a two-headed ogre
 12269 | Lair:1   | Entered Level 1 of the Lair of Beasts
 12275 | Lair:1   | Reached XP level 12. HP: 91/110 MP: 11/15
 12349 | Lair:1   | Noticed a five-headed hydra
 12383 | Lair:2   | Noticed Sonja
 12406 | Lair:2   | Noticed an eight-headed hydra
 12802 | D:9      | Killed a 13-headed hydra
 12956 | Lair:1   | Killed a five-headed hydra
 14042 | Lair:2   | Found a hole to the Spider Nest.
 14457 | Lair:2   | Found a staircase to the Shoals.
 14852 | Lair:3   | Noticed a five-headed hydra
 14862 | Lair:2   | Killed a five-headed hydra
 15067 | Lair:3   | Reached XP level 13. HP: 89/119 MP: 18/18
 15412 | Lair:3   | Found a hazy altar of Hepliaklqana.
 15984 | Lair:4   | Noticed Nessos
 15999 | Lair:4   | Killed Nessos
 17242 | Lair:5   | HP: 2/122 [yak (12)]
 17255 | Lair:5   | The Shining One protects you from harm!
 17256 | Lair:5   | Slain by a yak

Skill      XL: |  1  2  3  4  5  6  7  8  9 10 11 12 13 |
---------------+----------------------------------------+-----
Fighting       | 4 5 6 8 9 10 11 12 13 | 13.1
Armour         | 4 5 6 7 9 10 11 12 13 | 13.1
Shields        | 4 5 6 7 9 10 11 12 13 | 13.1
Axes           | 3 4 5 7 8 10 11 12 | 12.8
Invocations    | 2 5 6 8 |  8.3

Action                   |  1- 3 |  4- 6 |  7- 9 | 10-12 | 13-15 || total
-------------------------+-------+-------+-------+-------+-------++-------
Melee: War axe           |    59 |   160 |   293 |   667 |   131 ||  1310
       Headbutt          |     9 |    24 |    48 |   149 |    24 ||   254
Invok: Divine Shield     |       |       |       |    17 |     2 ||    19
       Cleansing Flame   |       |       |       |     1 |       ||     1
Evoke: Wand              |       |       |       |    21 |       ||    21
  Use: Scroll            |       |     1 |     4 |     8 |     9 ||    22
       Potion            |       |       |       |       |     5 ||     5
  Eat: Chunk             |       |     4 |     9 |    17 |     4 ||    34
       Ration            |       |     1 |     2 |     4 |     1 ||     8
Armor: Scale mail        |    21 |    57 |    61 |       |       ||   139
       Plate armour      |       |       |    12 |   357 |    53 ||   422
Dodge: Dodged            |    19 |    35 |    83 |   172 |    23 ||   332
Block: Shield            |    35 |    79 |   184 |   730 |   171 ||  1199
       Reflection        |       |       |       |     2 |     7 ||     9
